 Dungeon Crawl Stone Soup version 0.30-a0-459-g9104f0fc43 (webtiles) character file.

Game seed: 8320018123389494053

64 cforsyth the Ruffian (level 3, -5/36 HPs)
             Began as a Troll Fighter on Dec 16, 2022.
             Was an Initiate of Wu Jian.
             Slain by Crazy Yiuf
             ... wielding a +4 quarterstaff of chaos
              (16 damage)
             ... on level 3 of the Dungeon.
             The game lasted 00:01:54 (2410 turns).

cforsyth the Ruffian (Troll Fighter)                Turns: 2410, Time: 00:01:55

Health: -5/36      AC:  4    Str: 24    XL:     3   Next: 91%
Magic:  2/2        EV:  8    Int:  6    God:    Wu Jian [......]
Gold:   145        SH:  7    Dex:  9    Spells: 2/2 levels left

rFire   . . .      SeeInvis .      - Unarmed
rCold   . . .      Faith    .    b - +0 kite shield
rNeg    . . .      Spirit   .    a - +0 robe
rPois   .          Reflect  .    (helmet restricted)
rElec   .          Harm     .    (no cloak)
rCorr   .          Rampage  .    (gloves unavailable)
Will    .....                    (boots unavailable)
Stlth   +.........               o - amulet of regeneration
HPRegen 1.86/turn                (no ring)
MPRegen 0.08/turn                (no ring)

@: no status effects
A: large, unfitting armour, claws 3, regeneration 1, shaggy fur 1, tough skin 1
a: Renounce Religion


You were on level 3 of the Dungeon.
You worshipped Wu Jian.
Wu Jian was noncommittal.
You visited 1 branch of the dungeon, and saw 3 of its levels.

You collected 145 gold pieces.

Inventory:

Missiles
 l - a throwing net (quivered)
Armour
 a - a +0 robe (worn)
 b - a +0 kite shield (worn)
Jewellery
 o - an amulet of regeneration (around neck)
Scrolls
 e - 2 scrolls of poison {unknown}
 f - a scroll of immolation {unknown}
 g - 2 scrolls of blinking {unknown}
 h - a scroll of enchant armour {unknown}
 i - a scroll of identify {unknown}
 j - a scroll of vulnerability {unknown}
 k - a scroll of noise {unknown}
 n - 2 scrolls of enchant weapon {unknown}
 r - a scroll of magic mapping {unknown}
 s - a scroll of fog {unknown}
Potions
 c - a potion of might
 d - a potion of heal wounds {unknown}
 m - a potion of magic {unknown}
 p - a potion of lignification {unknown}
 q - a potion of mutation {unknown}


   Skills:
 + Level 2.9 Fighting
 - Level 2.4 Dodging
 + Level 3.1 Shields
 * Level 3.3 Unarmed Combat


You had 2 spell levels left.
You didn't know any spells.
Your spell library contained the following spells:

 Spells                   Type           Power      Damage    Failure   Level
 Freeze                   Ice            0%         1d3       75%         1
 Frozen Ramparts          Ice            0%         1d1       98%         3
 Hailstorm                Conj/Ice       0%         3d3       98%         3


Dungeon Overview and Level Annotations

Branches:
Dungeon (3/15)

Altars:
Cheibriados
Dithmenos
Hepliaklqana
Makhleb
Qazlal
Sif Muna
Vehumet
Wu Jian
Xom

Annotations:
D:3 Crazy Yiuf


Innate Abilities, Weirdness & Mutations

You are too large for most types of armour.
You have claws for hands.
Your natural rate of healing is unusually fast.
You are covered in fur. (AC +1)
You have tough skin. (AC +1)


Message History

The bat hits you but does no damage.
You claw the bat!
You kill the bat!
The Council accepts your kill.
No target in view!
No target in view!
No target in view!
No target in view!
No target in view!
No target in view!
s - a scroll labelled JUIMOA KOZO You now have 145 gold pieces (gained 3).
Found a runed translucent door.
Crazy Yiuf shouts!
Crazy Yiuf yells, "Mugger!
Shadow sanguine rumpyflump."
Crazy Yiuf laughs, "Tosser eyeball arm!"
There is a snail-covered altar of Cheibriados here.
There is a shimmering altar of Xom here.
There is a shimmering blue altar of Sif Muna here.
There is a burning altar of Makhleb here.
Found a stone staircase leading down.
There is a stone staircase leading down here.
Key pressed, stopping explore.
No target in view!
No target in view!
No target in view!
No target in view!
Crazy Yiuf shouts!
Could not explore, unopened runed door.
Could not explore, unopened runed door.
You open the door. You claw Crazy Yiuf!
Crazy Yiuf is heavily wounded.
Crazy Yiuf hits you with a +4 quarterstaff of chaos!
Crazy Yiuf freezes you.
You barely miss Crazy Yiuf.
Crazy Yiuf is heavily wounded.
Crazy Yiuf hits you with a +4 quarterstaff of chaos!
You are electrocuted!
You die...

#.# #.#.#.# #.#
##>####.####.#
#.# #.#.#.# #(#
#.# #.# #... #.#
#.#.#.# #.# #.#
#.# #.#.
##.###.##### ###
### #.# #...
.....<.# #.# ##.#
#.)#######♣♣♣♣♣
#.# #.# #.##
##....♣.♣♣♣ ###
#.# #.# #.#
##......♣..♣#...#
###.# #.# #.#
#......♣♣♣♣@g...#
#...# #.# #.#
#....♣♣♣ ♣♣#..)#
##### #.# #.#
#..##♣ ### #.#
#.# ##.# #.#
..#####.# #..
#....##.# ### ###
### ..##.##.# #.#
#.# ## #.##.##.#
#.# #.#########.
...#.##.# #.#
#.......)...


You could see Crazy Yiuf.

Vanquished Creatures
  2 adders (D:2)
  2 worms
  2 dart slugs (D:3)
  An orc (D:3)
  3 ball pythons
  An endoplasm (D:2)
  A giant cockroach (D:1)
  6 goblins
  3 hobgoblins
  3 jackals (D:1)
  4 bats
  A frilled lizard (D:3)
  3 kobolds
  2 rats (D:2)
34 creatures vanquished.

Vanquished Creatures (others)
  7 plants (D:3)
7 creatures vanquished.

Grand Total: 41 creatures vanquished

Notes
Turn   | Place    | Note
-------+----------+-------------------------------------------
     0 | D:1      | cforsyth the Troll Fighter began the quest for the Orb.
     0 | D:1      | Reached XP level 1. HP: 22/22 MP: 0/0
   389 | D:1      | Reached XP level 2. HP: 29/29 MP: 1/1
   935 | D:2      | Found a faded altar of an unknown god.
  1110 | D:2      | Reached XP level 3. HP: 36/36 MP: 2/2
  1162 | D:2      | You fall into a shaft and drop 1 floor!
  1770 | D:3      | Identified the +4 long sword of the Moth {elec, rF+ Str+4
                  | Int-2 Dex+3}
  1802 | D:3      | Found a shadowy altar of Dithmenos.
  1802 | D:3      | Found a shimmering altar of Xom.
  1804 | D:3      | Found an ornate altar of the Wu Jian Council.
  1804 | D:3      | Found a burning altar of Makhleb.
  1805 | D:3      | Found a snail-covered altar of Cheibriados.
  1805 | D:3      | Found a radiant altar of Vehumet.
  1805 | D:3      | Found a stormy altar of Qazlal.
  1805 | D:3      | Found a shimmering blue altar of Sif Muna.
  1819 | D:3      | Became a worshipper of the Wu Jian Council
  1923 | D:3      | Found a hazy altar of Hepliaklqana.
  2186 | D:3      | Found a runed translucent door.
  2187 | D:3      | Noticed Crazy Yiuf
  2410 | D:3      | Slain by Crazy Yiuf

Illustrated notes

Levels and vault maps discovered:
D:1:      dpeg_arrival_round_a, layout_basic, chequers_jeans,
          minmay_misc_feat_room, kennysheep_boxes
D:2:      layout_loops_ring, nicolae_ecumenical_lake_church
D:3:      layout_loops_ring, grunt_temple_overflow_open,
          nicolae_hepliaklqana_hazy_memory, minmay_misc_feat_encased,
          uniq_crazy_yiuf_cottage

Skill      XL: |  1  2  3 |
---------------+----------+-----
Shields        | 3 |  3.1
Unarmed Combat | 3 |  3.3
Fighting       | |  2.9
Dodging        | |  2.4

Action                   || total
-------------------------++-------
Melee: Unarmed           ||    91
Invok: Lunge             ||     5
Armor: Robe              ||    30
Dodge: Dodged            ||    29
Block: Kite shield       ||    36

Table legend: (Time is in decaauts)
 A = Elapsed time spent in this place.
 B = Non-inter-level travel time spent in this place.
 C = Inter-level travel time spent in this place.
 D = Time resting spent in this place.
 E = Time spent auto-exploring this place.
 F = Levels seen in this place.
 G = Mean time per level.
                   A        B        C        D        E       F      G
               +--------+--------+--------+--------+--------+-----+--------+
         Total |   2417 |   2341 |     76 |      0 |   2050 |   3 |  805.7 |
       Dungeon |   2417 |   2341 |     76 |      0 |   2050 |   3 |  805.7 |
               +--------+--------+--------+--------+--------+-----+--------+

Top non-repeatable levels by time:
     D:1: 883 daAuts
     D:2: 823 daAuts
     D:3: 710 daAuts
